 Dungeon Crawl Stone Soup version 0.30-a0-1161-g0704695555 (webtiles) character file.

Game seed: 4865988757852097630

1282 retardedninja the Firebug (level 8, 0/87 HPs)
             Began as a Gnoll Fire Elementalist on Apr 27, 2023.
             Was a Follower of Cheibriados.
             Slain by an iguana (2 damage)
             ... on level 6 of the Dungeon.
             The game lasted 00:09:29 (7308 turns).

retardedninja the Firebug (Gnoll Fire Elementalist) Turns: 7308, Time: 00:09:30

Health: 0/87       AC: 24    Str:  9    XL:     8   Next: 54%
Magic:  0/17       EV:  2    Int: 18    God:    Cheibriados [*.....]
Gold:   322        SH:  0    Dex: 16    Spells: 9/19 levels left

rFire   . . .        p - +0 scythe
rCold   . . .        (shield currently unavailable)
rNeg    . . .        a - melded +0 robe
rPois   +            (helmet currently unavailable)
rElec   .            (cloak currently unavailable)
rCorr   .            s - melded +1 Delatra's gloves {ID++}
SInv    .            (boots currently unavailable)
Will    .....        f - amulet of regeneration
Stlth   +++          (no ring)
HPRegen 1.14/turn    (no ring)
MPRegen 0.15/turn

%: no passive effects
@: tree-form, attractive, very slow
A: stationary, stasis, torment immunity, boosted hp, (fangs 1), strong nose,
distributed training
a: Renounce Religion, Bend Time


You were on level 6 of the Dungeon.
You worshipped Cheibriados.
Cheibriados was aware of your devotion.
You were a tree.
You visited 2 branches of the dungeon, and saw 7 of its levels.

You collected 322 gold pieces.

Inventory:

Hand Weapons
 p - a +0 scythe (weapon)
Armour
 a - a +0 robe (melded)
 s - the +1 Delatra's gloves (melded) {ID++}
   (You found it on level 4 of the Dungeon)

   ID++:      It heals its wearer when they drink unknown potions, and restores
   their MP when they read unknown scrolls.
Jewellery
 f - an amulet of regeneration (around neck)
Scrolls
 c - a scroll of noise {unknown}
 e - 2 scrolls of fear {unknown}
 g - 3 scrolls of magic mapping
 h - a scroll of amnesia {unknown}
 i - 2 scrolls of poison {unknown}
 j - 4 scrolls of teleportation {unknown}
 l - 4 scrolls of identify
 m - a scroll of enchant weapon {unknown}
 q - a scroll of summoning {unknown}
 r - a scroll of immolation {unknown}
 t - a scroll of brand weapon {unknown}
Potions
 d - a potion of lignification
 n - a potion of brilliance
 o - a potion of flight


   Skills:
 + Level 3.5 Fighting
 + Level 3.5 Short Blades
 + Level 3.5 Long Blades
 + Level 3.5 Axes
 + Level 3.5 Maces & Flails
 + Level 3.5 Polearms
 + Level 3.5 Staves
 + Level 3.5 Ranged Weapons
 + Level 3.5 Throwing
 + Level 3.5 Armour
 + Level 5.8 Dodging
 + Level 5.5 Stealth
 + Level 3.5 Shields
 + Level 3.5 Unarmed Combat
 + Level 6.1 Spellcasting
 + Level 3.6 Conjurations
 + Level 2.8 Hexes
 + Level 2.8 Summonings
 + Level 2.8 Necromancy
 + Level 2.8 Translocations
 + Level 2.8 Transmutations
 + Level 6.2 Fire Magic
 + Level 2.8 Ice Magic
 + Level 2.8 Air Magic
 + Level 2.8 Earth Magic
 + Level 2.8 Poison Magic
 + Level 3.8 Invocations
 + Level 3.5 Evocations


You had 9 spell levels left.
You knew the following spells:

 Your Spells              Type           Power      Damage    Failure   Level
a - Foxfire               Conj/Fire      92%        2x1d8     1%          1
b - Scorch                Fire           56%        2d7       1%          2
c - Flame Wave            Conj/Fire      23%        2d8       16%         4
d - Inner Flame           Hex/Fire       21%        N/A       5%          3

Your spell library contained the following spells:

 Spells                   Type           Power      Damage    Failure   Level
 Freeze                   Ice            60%        1d7       3%          1
 Lesser Beckoning         Tloc           30%        N/A       5%          2
 Volatile Blastmotes      Fire/Tloc      42%        2d13      5%          3
 Hailstorm                Conj/Ice       17%        3d6       10%         3
 Stone Arrow              Conj/Erth      34%        3d9       10%         3
 Frozen Ramparts          Ice            30%        1d5       11%         3
 Gell's Gravitas          Tloc           15%        N/A       11%         3
 Teleport Other           Tloc           15%        N/A       11%         3
 Fulminant Prism          Conj/Hex       8%         3d7       30%         4
 Iskenderun's Mystic Bla  Conj/Tloc      17%        2d5       30%         4
 Animate Armour           Summ/Erth      30%        N/A       34%         4
 Lee's Rapid Deconstruct  Erth           7%         3d7*      69%         5
 Lehudib's Crystal Spear  Conj/Erth      8%         10d4      100%        8


Dungeon Overview and Level Annotations

Branches:
Dungeon (6/15)             Temple (1/1) D:5

Altars:
Ashenzari
Cheibriados
Dithmenos
Elyvilon
Fedhas
Gozag
Kikubaaqudgha
Okawaru
Ru
Sif Muna
Uskayaw
Wu Jian
Xom
Yredelemnul
Zin
The Shining One

Annotations:
D:3 1 runed translucent door, Crazy Yiuf
D:6 Pikel


Innate Abilities, Weirdness & Mutations

You are a tree.
Your roots penetrate the ground, keeping you stationary.
You cannot be teleported.
You are immune to unholy pain and torment.
Your maximum health is greatly increased.
Your equipment is partially melded.
((You have very sharp teeth.))
Your uncanny sense of smell can sniff out nearby items.
Your experience applies equally to all skills.


Message History

Pikel hits you with a +0 whip of electrocution.
The iguana is attracted toward you.
Okay, then.
You closely miss Pikel.
Pikel is severely wounded.
Pikel hits you with a +0 whip of electrocution!
* * * LOW HITPOINT WARNING * * *
You are electrocuted!
* * * LOW HITPOINT WARNING * * *
The iguana bites you but does no damage.
Unknown command.
It was a potion of flight.
Your roots keep you in place.
Pikel barely misses you.
The iguana bites you but does no damage.
Level annotation: Pikel Options error: Invalid setting for tile_player_tile: "mons:" (~/.crawlrc:112) Welcome back, retardedninja the Gnoll Fire Elementalist.
Cheibriados says: Take it easy.
Press ? for a list of commands and other information.
You feel better. Pikel hits you but does no damage.
You are electrocuted!
* * * LOW HITPOINT WARNING * * *
The iguana bites you but does no damage.
Casting: Foxfire (safe; 1% risk of failure)
Press: ? - help, Q - select action, (/) - cycle Dir - look around, f - activate You conjure some foxfire!
Pikel hits you but does no damage.
The iguana bites you but does no damage.
You completely miss Pikel.
Pikel is severely wounded.
Pikel is no longer more vulnerable to fire.
The foxfire hits Pikel.
Pikel is severely wounded.
The foxfire hits Pikel but does no damage.
Pikel is severely wounded.
The iguana bites you.
* * * LOW HITPOINT WARNING * * *
Pikel hits you with a +0 whip of electrocution.
* * * LOW HITPOINT WARNING * * *
The iguana bites you.
You die...

...... .....# #.... .
#..... .....# ... .
#.....###.....###.## .
##..............##..# .
...........# #......##
. ..........#
##†.....##. .........#
##..###.... #.K.# #..##
##..# ##♣.## ##.## ##.#
##l.###).# #.#
##.....)## #.#
#........# ###..
.............#####....
......................
.......................
......................#
.....................##


You could see Pikel and an iguana.

Vanquished Creatures
  Sigmund (D:3)
  An orc warrior (D:3)
  An ogre (D:5)
  4 lemures (D:6)
  3 phantoms
  A bullfrog (D:6)
  3 hounds
  An orc priest (D:5)
  A jelly (D:4)
  4 iguanas
  A sleepcap (D:6)
  5 orc wizards
  4 gnolls (D:5)
  6 adders
  4 dart slugs
  3 worms
  36 orcs
  4 ball pythons
  5 endoplasms
  3 giant cockroaches
  5 hobgoblins
  3 quokkas
  2 frilled lizards (D:1)
  12 goblins
  5 kobolds
  5 rats
123 creatures vanquished.

Vanquished Creatures (others)
  555 foxfires
  2 fungi (D:3)
557 creatures vanquished.

Grand Total: 680 creatures vanquished

Notes
Turn   | Place    | Note
-------+----------+-------------------------------------------
     0 | D:1      | retardedninja the Gnoll Fire Elementalist began the quest
                  | for the Orb.
     0 | D:1      | Reached XP level 1. HP: 13/13 MP: 6/6
    90 | D:1      | Reached XP level 2. HP: 19/19 MP: 0/7
   913 | D:1      | Reached skill level 5 in Spellcasting
   913 | D:1      | Reached XP level 3. HP: 25/25 MP: 3/9
  1598 | D:2      | Reached skill level 1 in Invocations
  1769 | D:2      | Reached skill level 1 in Fighting
  1769 | D:2      | Reached skill level 1 in Short Blades
  1769 | D:2      | Reached skill level 1 in Long Blades
  1769 | D:2      | Reached skill level 1 in Axes
  1769 | D:2      | Reached skill level 1 in Maces & Flails
  1769 | D:2      | Reached skill level 1 in Polearms
  1769 | D:2      | Reached skill level 1 in Staves
  1769 | D:2      | Reached skill level 1 in Ranged Weapons
  1769 | D:2      | Reached skill level 1 in Throwing
  1769 | D:2      | Reached skill level 1 in Armour
  1769 | D:2      | Reached skill level 1 in Shields
  1769 | D:2      | Reached skill level 1 in Unarmed Combat
  1769 | D:2      | Reached skill level 1 in Evocations
  1822 | D:2      | Reached XP level 4. HP: 28/32 MP: 2/11
  2227 | D:2      | Learned a level 2 spell: Scorch
  2232 | D:2      | Learned a level 4 spell: Flame Wave
  2236 | D:2      | Learned a level 3 spell: Inner Flame
  2617 | D:3      | Reached skill level 1 in Hexes
  2617 | D:3      | Reached skill level 1 in Summonings
  2617 | D:3      | Reached skill level 1 in Necromancy
  2617 | D:3      | Reached skill level 1 in Translocations
  2617 | D:3      | Reached skill level 1 in Transmutations
  2617 | D:3      | Reached skill level 1 in Ice Magic
  2617 | D:3      | Reached skill level 1 in Air Magic
  2617 | D:3      | Reached skill level 1 in Earth Magic
  2617 | D:3      | Reached skill level 1 in Poison Magic
  3141 | D:3      | Noticed Sigmund
  3165 | D:3      | Killed Sigmund
  3166 | D:3      | Reached skill level 5 in Dodging
  3166 | D:3      | Reached XP level 5. HP: 13/38 MP: 3/12
  3166 | D:3      | Reached XP level 6. HP: 15/44 MP: 3/14
  3745 | D:3      | Found a runed translucent door.
  3746 | D:3      | Noticed Crazy Yiuf
  4786 | D:4      | Noticed an orc warrior
  4817 | D:3      | Killed an orc warrior
  4818 | D:3      | Reached XP level 7. HP: 40/51 MP: 2/15
  5304 | D:4      | Found the +1 Delatra's gloves {ID++}
  5370 | D:5      | Entered Level 5 of the Dungeon
  5370 | D:5      | Found a snail-covered altar of Cheibriados.
  5384 | D:5      | Reached skill level 5 in Stealth
  5393 | D:5      | Became a worshipper of Cheibriados the Contemplative
  5980 | D:5      | Reached XP level 8. HP: 35/58 MP: 6/16
  6317 | D:5      | Found a staircase to the Ecumenical Temple.
  6368 | Temple   | Entered the Ecumenical Temple
  6975 | D:6      | Reached * piety under Cheibriados
  7281 | D:6      | Noticed Pikel
  7308 | D:6      | HP: 2/87 [Pikel/+0 whip of electrocution (4)]
  7308 | D:6      | Slain by an iguana

Illustrated notes

Levels and vault maps discovered:
D:1:      beargit_arrival_greenhouse, layout_basic, minmay_misc_feat_tower,
          nicolae_kite_square_tiling_tiny
D:2:      layout_loops_ring
D:3:      layout_basic, uniq_crazy_yiuf_cottage, uniq_sigmund
D:4:      layout_rooms, pf_guarded_unrand_delatra
D:5:      layout_loops_ring, cheibriados_altar_1, minmay_temple_entry_mini_moons
D:6:      layout_layer_cave, uniq_pikel
Temple:   minmay_freezing_vapour_temple

Skill      XL: |  1  2  3  4  5  6  7  8 |
---------------+-------------------------+-----
Conjurations   | 2 3 |  3.6
Spellcasting   | 5 6 |  6.1
Invocations    | 1 2 3 |  3.8
Fighting       | 1 2 3 |  3.5
Short Blades   | 1 2 3 |  3.5
Long Blades    | 1 2 3 |  3.5
Axes           | 1 2 3 |  3.5
Maces & Flails | 1 2 3 |  3.5
Polearms       | 1 2 3 |  3.5
Staves         | 1 2 3 |  3.5
Ranged Weapons | 1 2 3 |  3.5
Throwing       | 1 2 3 |  3.5
Armour         | 1 2 3 |  3.5
Shields        | 1 2 3 |  3.5
Unarmed Combat | 1 2 3 |  3.5
Evocations     | 1 2 3 |  3.5
Hexes          | 1 2 |  2.8
Summonings     | 1 2 |  2.8
Necromancy     | 1 2 |  2.8
Translocations | 1 2 |  2.8
Transmutations | 1 2 |  2.8
Ice Magic      | 1 2 |  2.8
Air Magic      | 1 2 |  2.8
Earth Magic    | 1 2 |  2.8
Poison Magic   | 1 2 |  2.8
Dodging        | 5 |  5.8
Stealth        | 5 |  5.5
Fire Magic     | 6 |  6.2

Action                     |  1- 3 |  4- 6 |  7- 9 || total
---------------------------+-------+-------+-------++-------
  Melee: Halberd           |       |    17 |    27 ||    44
         Bite              |       |     3 |     6 ||     9
   Cast: Foxfire           |    90 |   144 |    96 ||   330
         Scorch            |       |    12 |    32 ||    44
         Flame Wave        |       |       |     2 ||     2
    Use: Potion            |       |     1 |     7 ||     8
         Scroll            |       |       |     2 ||     2
 Armour: Robe              |     2 |     5 |    14 ||    21
         Skin              |       |       |    11 ||    11
  Dodge: Dodged            |    16 |    48 |    89 ||   153

Table legend: (Time is in decaauts)
 A = Elapsed time spent in this place.
 B = Non-inter-level travel time spent in this place.
 C = Inter-level travel time spent in this place.
 D = Time resting spent in this place.
 E = Time spent auto-exploring this place.
 F = Levels seen in this place.
 G = Mean time per level.
                   A        B        C        D        E       F      G
               +--------+--------+--------+--------+--------+-----+--------+
         Total |   7558 |   7409 |    149 |   1607 |   4639 |   7 | 1079.7 |
       Dungeon |   7536 |   7387 |    149 |   1607 |   4626 |   6 | 1256.0 |
        Temple |     21 |     21 |      0 |      0 |     13 |   1 |   21.0 |
               +--------+--------+--------+--------+--------+-----+--------+

Top non-repeatable levels by time:
     D:3: 2151 daAuts
     D:5: 1444 daAuts
     D:1: 1353 daAuts
     D:4: 972 daAuts
     D:2: 903 daAuts
     D:6: 711 daAuts
  Temple: 21 daAuts
